General information
			
			
        
        - name: BNet
 
        - type: Ladder team game (AT/RT)
 
        - host: Battle.net
 
        - saver: thelaghotel
 
        
map: TurtleRock 
        - players: 4
 
        - length: 18:52
 
        - speed: Fast
 - version: 1.22 W3XP
 - replay type:  Public
 
» download(105 KB)
Players
        team 1 (loser) 
              
              
» 
FIREBATz (
orange | 91 APM | 1650 actions | 18:09)
              
 4 Far Seer 
 2 Feral Spirit
 2 Chain Lighting
 3 Tauren Chieftain 
 1 Shockwave
 2 Endurance Aura
 
                » actions 
                
                | Assign group hotkey | 131 |  | 
| Basic commands | 254 |  | 
| Build / train | 64 |  | 
| Enter build submenu | 11 |  | 
| Enter hero's abilities submenu | 7 |  | 
| Give item / drop item | 2 |  | 
| Right click | 515 |  | 
| Select / deselect | 413 |  | 
| Select group hotkey | 170 |  | 
| Use ability | 83 |  | 
                1650 total
 » units 
                
                | Peon | 6 |  | 
| Grunt | 10 |  | 
| Raider | 6 |  | 
| Demolisher | 3 |  | 
| Tauren | 2 |  | 
                27 total
 » upgrades
                
                | Pillage | 1 |  | 
| Berserker Strength | 1 |  | 
| Ensnare | 1 |  | 
| Armor | 2 |  | 
| Burning Oil | 1 |  | 
| Pulverize | 1 |  | 
                7 total
 » buildings
                
                | Altar of Storms | 1 |  | 
| Orc Burrow | 5 |  | 
| Barracks | 1 |  | 
| Voodoo Lounge | 1 |  | 
| Stronghold | 2 |  | 
| War Mill | 1 |  | 
| Beastiary | 1 |  | 
| Fortress | 3 |  | 
| Tauren Totem | 1 |  | 
                16 total
 » build order
                00:06 Altar of Storms
00:13 Orc Burrow
00:35 Barracks
01:25 Orc Burrow
01:50 Voodoo Lounge
03:30 Stronghold
03:30 Stronghold
04:43 Orc Burrow
05:03 War Mill
06:09 Beastiary
06:54 Orc Burrow
10:34 Orc Burrow
10:49 Fortress
10:49 Fortress
10:50 Fortress
13:17 Tauren Totem
» items
                
                | Healing Salve | 7 |  | 
| Scroll of Speed | 2 |  | 
| Lesser Clarity Potion | 1 |  | 
| Scroll of Town Portal | 2 |  | 
| Staff of Sanctuary | 1 |  | 
                13 total
  
               
              
              
» 
kidd4lifenj03 (
red | 65 APM | 1221 actions | 18:50)
              
 4 Archmage 
 2 Summon Water Elemental
 2 Brilliance Aura
 2 Blood Mage 
 1 Flame Strike
 1 Siphon Mana
 
                » actions 
                
                | Basic commands | 17 |  | 
| Build / train | 74 |  | 
| Enter build submenu | 28 |  | 
| Enter hero's abilities submenu | 6 |  | 
| Right click | 480 |  | 
| Select / deselect | 554 |  | 
| Use ability | 58 |  | 
                1221 total
 » units 
                
                | Peasant | 12 |  | 
| Rifleman | 21 |  | 
| Priest | 10 |  | 
| Sorceress | 4 |  | 
                47 total
 » upgrades
                
                | Gunpowder | 2 |  | 
| Lumber Harvesting | 1 |  | 
| Long Rifles | 1 |  | 
| Priest Training | 2 |  | 
| Sorceress Training | 2 |  | 
| Armor | 1 |  | 
                9 total
 » buildings
                
                | Altar of Kings | 1 |  | 
| Farm | 9 |  | 
| Blacksmith | 1 |  | 
| Barracks | 2 |  | 
| Scout Tower | 7 |  | 
| Arcane Tower | 3 |  | 
| Arcane Vault | 1 |  | 
| Lumber Mill | 1 |  | 
| Keep | 1 |  | 
| Guard Tower | 4 |  | 
| Arcane Sanctum | 2 |  | 
| Town Hall | 1 |  | 
| Castle | 1 |  | 
                34 total
 » build order
                00:08 Altar of Kings
00:10 Farm
00:50 Farm
01:11 Blacksmith
01:28 Farm
01:42 Barracks
02:02 Scout Tower
02:06 Farm
02:32 Arcane Tower
02:52 Scout Tower
03:01 Arcane Vault
03:26 Lumber Mill
03:29 Farm
03:35 Barracks
05:04 Keep
06:01 Guard Tower
06:04 Farm
06:45 Farm
07:42 Arcane Sanctum
09:01 Town Hall
11:05 Castle
11:13 Scout Tower
11:17 Scout Tower
11:43 Guard Tower
11:44 Guard Tower
12:43 Arcane Sanctum
12:50 Scout Tower
12:54 Scout Tower
13:29 Guard Tower
13:30 Arcane Tower
13:33 Scout Tower
14:05 Farm
14:07 Arcane Tower
14:11 Farm
» items
                 
               team 2 (winner) 
              
              
» 
LilGau (
teal | 90 APM | 1699 actions | 18:51)
              
 5 Death Knight 
 3 Death Coil
 2 Unholy Aura
 3 Lich 
 2 Frost Nova
 1 Frost Armor
 2 Crypt Lord 
 1 Impale
 1 Carrion Beetles
 
                » actions 
                
                | Assign group hotkey | 24 |  | 
| Basic commands | 220 |  | 
| Build / train | 63 |  | 
| ESC pressed | 2 |  | 
| Enter build submenu | 19 |  | 
| Enter hero's abilities submenu | 10 |  | 
| Right click | 380 |  | 
| Select / deselect | 214 |  | 
| Select group hotkey | 686 |  | 
| Use ability | 81 |  | 
                1699 total
 » units 
                
                | Acolyte | 3 |  | 
| Ghoul | 2 |  | 
| Crypt Fiend | 13 |  | 
| Obsidian Statue | 2 |  | 
| Frost Wyrm | 3 |  | 
                23 total
 » upgrades
                
                | Creature Attack | 2 |  | 
| Destroyer Form | 1 |  | 
| Web | 1 |  | 
                4 total
 » buildings
                
                | Crypt | 1 |  | 
| Altar of Darkness | 1 |  | 
| Graveyard | 1 |  | 
| Ziggurat | 7 |  | 
| Tomb of Relics | 1 |  | 
| Halls of the Dead | 2 |  | 
| Slaughterhouse | 2 |  | 
| Spirit Tower | 1 |  | 
| Nerubian Tower | 1 |  | 
| Black Citadel | 3 |  | 
| Sacrificial Pit | 1 |  | 
| Boneyard | 1 |  | 
                22 total
 » build order
                00:18 Crypt
00:27 Altar of Darkness
00:37 Graveyard
01:08 Ziggurat
01:36 Tomb of Relics
01:48 Ziggurat
03:45 Halls of the Dead
03:46 Halls of the Dead
05:38 Ziggurat
05:54 Ziggurat
07:29 Slaughterhouse
07:31 Slaughterhouse
08:04 Spirit Tower
08:05 Nerubian Tower
09:39 Black Citadel
09:39 Black Citadel
11:01 Sacrificial Pit
12:30 Boneyard
12:35 Ziggurat
14:24 Ziggurat
15:18 Ziggurat
» items
                
                | Rod of Necromancy | 3 |  | 
| Scroll of Regeneration | 1 |  | 
| Lesser Clarity Potion | 3 |  | 
| Potion of Healing | 4 |  | 
| Potion of Mana | 1 |  | 
| Scroll of Healing | 1 |  | 
| Scroll of Protection | 1 |  | 
| Scroll of Town Portal | 1 |  | 
| Potion of Lesser Invulnerability | 1 |  | 
                16 total
  
               
              
              
» 
thelaghotel (
blue | 83 APM | 1569 actions | 18:52)
              
 5 Archmage 
 3 Summon Water Elemental
 2 Brilliance Aura
 3 Mountain King 
 2 Storm Bolt
 1 Thunder Clap
 2 Paladin 
 1 Holy Light
 1 Divine Shield
 
                » actions 
                
                | Assign group hotkey | 190 |  | 
| Basic commands | 78 |  | 
| Build / train | 87 |  | 
| ESC pressed | 2 |  | 
| Enter build submenu | 30 |  | 
| Enter hero's abilities submenu | 10 |  | 
| Give item / drop item | 1 |  | 
| Right click | 667 |  | 
| Select / deselect | 332 |  | 
| Select group hotkey | 56 |  | 
| Use ability | 116 |  | 
                1569 total
 » units 
                
                | Peasant | 20 |  | 
| Footman | 17 |  | 
| Spell Breaker | 4 |  | 
| Knight | 2 |  | 
| Mortar Team | 4 |  | 
                47 total
 » upgrades
                
                | Masonry | 3 |  | 
| Animal War Training | 1 |  | 
| Lumber Harvesting | 1 |  | 
| Armor | 2 |  | 
| Plating | 2 |  | 
| Fragmentation Shards | 2 |  | 
| Flare | 1 |  | 
| Magic Sentry | 1 |  | 
                13 total
 » buildings
                
                | Altar of Kings | 1 |  | 
| Farm | 7 |  | 
| Barracks | 1 |  | 
| Lumber Mill | 1 |  | 
| Scout Tower | 7 |  | 
| Arcane Tower | 1 |  | 
| Town Hall | 2 |  | 
| Guard Tower | 4 |  | 
| Keep | 1 |  | 
| Arcane Vault | 1 |  | 
| Castle | 1 |  | 
| Arcane Sanctum | 2 |  | 
| Blacksmith | 1 |  | 
| Workshop | 1 |  | 
                31 total
 » build order
                00:09 Altar of Kings
00:25 Farm
00:41 Barracks
01:10 Lumber Mill
01:35 Farm
01:51 Scout Tower
02:19 Farm
02:22 Arcane Tower
04:26 Scout Tower
04:28 Scout Tower
04:29 Scout Tower
04:55 Town Hall
04:58 Scout Tower
05:02 Guard Tower
05:11 Farm
05:13 Farm
05:25 Guard Tower
05:50 Scout Tower
05:51 Scout Tower
06:03 Farm
06:48 Keep
06:53 Guard Tower
07:07 Guard Tower
07:53 Arcane Vault
09:20 Castle
09:43 Arcane Sanctum
09:45 Arcane Sanctum
10:20 Blacksmith
11:10 Town Hall
13:22 Workshop
14:31 Farm
» items
                
                | Scroll of Regeneration | 2 |  | 
| Scroll of Town Portal | 3 |  | 
| Orb of Fire | 1 |  | 
| Staff of Sanctuary | 1 |  | 
                7 total
  
                Chat log
          (00:18 / All) FIREBATz: gl!
(00:18 / Allies) thelaghotel: units?
(00:22 / Allies) thelaghotel: dk fiend?
(00:22 / Allies) LilGau: usual
(00:25 / Allies) thelaghotel: k
(00:34 / Allies) thelaghotel: usual for me 2 then
(00:36 / Allies) thelaghotel: i tower mid
(00:43 / Allies) LilGau: hah ok
(03:24 / Allies) thelaghotel: after come help me
(03:24 / Allies) thelaghotel: plz
(03:28 / Allies) LilGau: where
(03:47 / Allies) LilGau: omw
(03:52 / Allies) LilGau: defend?
(03:53 / Allies) LilGau: ji hop
(04:17 / Allies) thelaghotel: ty
(04:27 / Allies) LilGau: gogo
(04:42 / Allies) LilGau: shit
(05:57 / Allies) thelaghotel: lumb plz
(07:19 / Allies) LilGau: vault
(07:29 / Allies) thelaghotel: stay for towers
(07:30 / Allies) thelaghotel: 1 sec
(07:37 / Allies) LilGau: put vaut there
(07:44 / Allies) LilGau: bb
(07:44 / Allies) LilGau: bbb
(08:34 / Allies) thelaghotel: am
(08:35 / Allies) thelaghotel: nuke
(08:36 / Allies) thelaghotel: now
(08:49 / Allies) thelaghotel: gj
(09:31 / Allies) thelaghotel: ugh
(09:31 / Allies) thelaghotel: qq
(09:35 / Allies) thelaghotel: wasning paying attention
(10:39 / Allies) LilGau: wtf
(10:40 / Allies) LilGau: man...
(11:18 / Allies) LilGau: omw
(11:21 / Allies) LilGau: coming
(11:21 / Allies) LilGau: go
(11:50 / Allies) thelaghotel: am
(12:46 / Allies) thelaghotel: lumb?
(12:50 / Allies) LilGau: none..
(12:52 / Allies) thelaghotel: k
(13:16 / Allies) thelaghotel: come
(13:21 / Allies) LilGau: nuke hmim
(13:42 / Allies) thelaghotel: i can siege
(13:43 / Allies) thelaghotel: from mid
(13:43 / Allies) thelaghotel: soon
(13:46 / Allies) thelaghotel: the tree rings
(13:47 / Allies) thelaghotel: lol
(14:57 / Allies) LilGau: bolt
(15:32 / Allies) LilGau: what
(15:44 / Allies) thelaghotel: check
(17:23 / Allies) thelaghotel: b
(17:25 / Allies) thelaghotel: a bit
(17:28 / Allies) thelaghotel: k go